 Dungeon Crawl Stone Soup version 0.30-a0-509-gd016549fea (webtiles) character file.

Game seed: 7508658189023446314

52 XLettuce the Gusty (level 4, 0/32 HPs)
             Began as a Human Air Elementalist on Dec 22, 2022.
             Slain by a gnoll
             ... wielding a +0 flail
              (5 damage)
             ... on level 2 of the Dungeon.
             The game lasted 00:04:21 (1159 turns).

XLettuce the Gusty (Human Air Elementalist)         Turns: 1159, Time: 00:04:22

Health: 0/32       AC:  3    Str:  8    XL:     4   Next: 8%
Magic:  0/7        EV: 12    Int: 17    God:
Gold:   21         SH:  0    Dex: 14    Spells: 1/7 levels left

rFire   . . .      SeeInvis .    c - +0 short sword
rCold   . . .      Faith    .    (no shield)
rNeg    . . .      Spirit   .    a - +0 robe
rPois   .          Reflect  .    f - +1 hat
rElec   .          Harm     .    (no cloak)
rCorr   .          Rampage  .    (no gloves)
Will    .....                    (no boots)
Stlth   ++........               (no amulet)
HPRegen 0.25/turn                (no ring)
MPRegen 0.10/turn                (no ring)

@: no status effects
A: no striking features
a: no special abilities


You were on level 2 of the Dungeon.
You visited 1 branch of the dungeon, and saw 2 of its levels.

You collected 96 gold pieces.
You spent 75 gold pieces at shops.

Inventory:

Hand Weapons
 c - a +0 short sword (weapon)
Missiles
 k - 2 throwing nets
Armour
 a - a +0 robe (worn)
 f - a +1 hat (worn)
Scrolls
 d - a scroll of fog {unknown}
 e - a scroll of identify {unknown}
 g - a scroll of teleportation
 h - a scroll of blinking {unknown}
 j - a scroll of enchant armour
Potions
 b - a potion of magic
 i - 2 potions of berserk rage {unknown}


   Skills:
 * Level 1.3 Fighting
 + Level 2.2 Dodging
 - Level 2.0 Stealth
 * Level 2.4 Spellcasting
 * Level 1.8 Conjurations
 * Level 3.4 Air Magic


You had one spell level left.
You knew the following spells:

 Your Spells              Type           Power      Damage    Failure   Level
a - Shock                 Conj/Air       40%        1d5       6%          1
b - Static Discharge      Conj/Air       20%        2-3/arc   10%         2
c - Swiftness             Air            13%        N/A       14%         3

Your spell library contained the following spells:

 Spells                   Type           Power      Damage    Failure   Level
 Foxfire                  Conj/Fire      20%        2x1d5     13%         1
 Airstrike                Air            6%         2d(1-17)  41%         4
 Fireball                 Conj/Fire      2%         3d4       98%         5
 Starburst                Conj/Fire      2%         6d3       100%        6


Dungeon Overview and Level Annotations

Branches:
Dungeon (2/15)

Altars:

Shops:
D:2 ?


Message History

Casting: Static Discharge (safe; 10% risk of failure)
Confirm with . or Enter, or press ? or * to list all spells.
The gnoll is struck by an arc of lightning.
The gnoll is severely wounded.
The gnoll is struck by an arc of lightning.
The gnoll is moderately wounded.
The gnoll is struck by an arc of lightning.
You kill the gnoll!
The lightning grounds out.
You have reached level 4!
You feel agile.
Casting: Static Discharge (safe; 10% risk of failure)
Confirm with . or Enter, or press ? or * to list all spells.
You don't have enough magic to cast this spell.
The gnoll attacks as you move away! The gnoll hits you with a +0 flail!
The gnoll attacks as you move away! The gnoll barely misses you.
A quokka comes into view.
The gnoll attacks as you move away! The gnoll misses you.
The gnoll attacks as you move away! The gnoll hits you with a +0 flail!
The worm bites you but does no damage. The gnoll attacks as you move away!
The gnoll hits you with a +0 flail!
* * * LOW HITPOINT WARNING * * *
The gnoll throws a stone.
The stone hits you but does no damage. The gnoll attacks as you move away!
The gnoll barely misses you.
There is a stone staircase leading up here.
Casting: Static Discharge (safe; 10% risk of failure)
Confirm with . or Enter, or press ? or * to list all spells.
The gnoll is struck by an arc of lightning.
The gnoll is heavily wounded.
You are struck by an arc of lightning.
* * * LOW HITPOINT WARNING * * *
The gnoll is struck by an arc of lightning.
The gnoll is almost dead.
The lightning grounds out.
The gnoll throws a stone.
The stone barely misses you. The gnoll hits you but does no damage.
Casting: Static Discharge (safe; 10% risk of failure)
Confirm with . or Enter, or press ? or * to list all spells.
You don't have enough magic to cast this spell.
The gnoll hits you with a +0 flail.
You die...

..... #.# .# #.....#.# #.##
....##.# ..... ...##.##.#.##.
#.##........ . ..
#.........##..# ...
#.............. ...###
####.g@.##.#.##....# ......
#....w.........>...# .r.....
#....g.............#
.......####....#..##.#.##....#
...........g...........##....##
.....##..######........).......
.............................#
........g....................#
.........##..##......#.###...#


You could see a worm and 3 gnolls.

Vanquished Creatures
  A gnoll (D:2)
  An adder (D:2)
  2 bats (D:1)
  4 endoplasms
  A giant cockroach (D:1)
  5 goblins
  2 hobgoblins
  2 jackals (D:1)
  6 ball pythons
  2 frilled lizards (D:1)
  2 kobolds
  2 rats (D:1)
30 creatures vanquished.

Notes
Turn   | Place    | Note
-------+----------+-------------------------------------------
     0 | D:1      | XLettuce the Human Air Elementalist began the quest for the
                  | Orb.
     0 | D:1      | Reached XP level 1. HP: 13/13 MP: 3/3
    90 | D:1      | Found a faded altar of an unknown god.
   176 | D:1      | Reached XP level 2. HP: 14/20 MP: 5/5
   579 | D:1      | Reached XP level 3. HP: 24/25 MP: 4/6
   611 | D:1      | Learned a level 2 spell: Static Discharge
   615 | D:1      | Learned a level 3 spell: Swiftness
   704 | D:2      | Found Amiv's Magic Scroll Boutique.
   709 | D:2      | Reached skill level 1 in Fighting
   760 | D:2      | Bought a scroll of enchant armour for 75 gold pieces
  1133 | D:2      | Reached XP level 4. HP: 30/32 MP: 0/7
  1159 | D:2      | Slain by a gnoll

Illustrated notes

Levels and vault maps discovered:
D:1:      tarquinn_simple_flora_water_b, layout_rooms,
          shapermc_ecumenical_altar_acropolis
D:2:      layout_basic, serial_shops, nicolae_shop_advertising_works
          [nicolae_subvault_shop_adworks], minivault_24

Skill      XL: |  1  2  3 |
---------------+----------+-----
Fighting       | 1 |  1.3
Dodging        | |  2.2
Stealth        | |  2.0
Spellcasting   | |  2.4
Conjurations   | |  1.8
Air Magic      | |  3.4

Action                   |  1- 3 |  4- 6 || total
-------------------------+-------+-------++-------
Melee: Short sword       |    24 |       ||    24
       Unarmed           |     1 |       ||     1
 Cast: Shock             |    28 |       ||    28
       Static Discharge  |    11 |     1 ||    12
       Swiftness         |     1 |       ||     1
  Use: Scroll            |     1 |       ||     1
Armor: Robe              |    14 |     3 ||    17
Dodge: Dodged            |    26 |     4 ||    30

Table legend: (Time is in decaauts)
 A = Elapsed time spent in this place.
 B = Non-inter-level travel time spent in this place.
 C = Inter-level travel time spent in this place.
 D = Time resting spent in this place.
 E = Time spent auto-exploring this place.
 F = Levels seen in this place.
 G = Mean time per level.
                   A        B        C        D        E       F      G
               +--------+--------+--------+--------+--------+-----+--------+
         Total |   1158 |   1148 |     10 |    258 |    576 |   2 |  579.0 |
       Dungeon |   1158 |   1148 |     10 |    258 |    576 |   2 |  579.0 |
               +--------+--------+--------+--------+--------+-----+--------+

Top non-repeatable levels by time:
     D:1: 891 daAuts
     D:2: 266 daAuts
